 Dungeon Crawl Stone Soup version 0.30-a0-778-g2ef04afb54 (webtiles) character file.

Game seed: 15612616523404459630

653 BRD the Shield-Bearer (level 7, -3/60 HPs)
             Began as a Gnoll Fighter on Feb 16, 2023.
             Slain by a gnoll sergeant
             ... wielding a +0 spear
              (7 damage)
             ... on level 4 of the Dungeon.
             The game lasted 00:05:51 (2960 turns).

BRD the Shield-Bearer (Gnoll Fighter)               Turns: 2960, Time: 00:05:52

Health: -3/60      AC:  9    Str: 14 (17) XL:     7   Next: 54%
Magic:  11/11      EV:  9    Int:  6 (8)  God:
Gold:   294        SH:  5    Dex:  9 (11) Spells: 11/11 levels left

rFire   . . .      SeeInvis .    a - +0 war axe
rCold   . . .      Faith    .    c - +0 buckler
rNeg    . . .      Spirit   .    b - +0 scale mail
rPois   .          Reflect  .    (no helmet)
rElec   .          Harm     .    g - +0 cloak
rCorr   .          Rampage  .    (no gloves)
Will    .....                    (no boots)
Stlth   +                        (no amulet)
HPRegen 0.30/turn                o - +4 ring of slaying
MPRegen 0.12/turn                (no ring)

@: no status effects
A: fangs 1, strong nose, distributed training
a: no special abilities


You were on level 4 of the Dungeon.
You visited 1 branch of the dungeon, and saw 4 of its levels.
You also visited: Sewer.

You collected 294 gold pieces.

Inventory:

Hand Weapons
 a - a +0 war axe (weapon)
Missiles
 p - 10 poisoned darts (quivered)
Armour
 b - a +0 scale mail (worn)
 c - a +0 buckler (worn)
 g - a +0 cloak (worn)
Jewellery
 o - a +4 ring of slaying (left hand)
 r - the ring "Docov" {Ice Int+4}
   (You found it in a sewer)

   [ring of ice]

   It enhances your ice magic.
   Int:       It affects your intelligence (+4).
   rF:        It makes you vulnerable to fire.
   rC:        It protects you from cold.
Wands
 d - a wand of polymorph (7)
 f - a wand of roots (14)
 t - a wand of flame (18)
Scrolls
 h - 2 scrolls of fear
 j - a scroll of amnesia
 k - 2 scrolls of enchant weapon
 l - 3 scrolls of fog
 m - a scroll of noise {unknown}
Potions
 e - a potion of cancellation {unknown}
 n - a potion of magic {unknown}
 q - a potion of curing {unknown}
 s - a potion of berserk rage {unknown}


   Skills:
 + Level 7.1 Fighting
 + Level 2.6 Short Blades
 + Level 2.6 Long Blades
 + Level 5.3 Axes
 + Level 2.6 Maces & Flails
 + Level 2.6 Polearms
 + Level 2.6 Staves
 + Level 2.6 Ranged Weapons
 + Level 2.6 Throwing
 + Level 7.1 Armour
 + Level 2.6 Dodging
 + Level 2.6 Stealth
 + Level 7.1 Shields
 + Level 2.6 Unarmed Combat
 + Level 2.6 Spellcasting
 + Level 2.1 Conjurations
 + Level 2.1 Hexes
 + Level 2.1 Summonings
 + Level 2.1 Necromancy
 + Level 2.1 Translocations
 + Level 2.1 Transmutations
 + Level 2.1 Fire Magic
 + Level 2.1 Ice Magic
 + Level 2.1 Air Magic
 + Level 2.1 Earth Magic
 + Level 2.1 Poison Magic
 + Level 3.0 Invocations
 + Level 2.6 Evocations


You had 11 spell levels left.
You didn't know any spells.
Your spell library contained the following spells:

 Spells                   Type           Power      Damage    Failure   Level
 Sting                    Tmut/Pois      12%        1d3       56%         1
 Poisonous Vapours        Pois/Air       6%         N/A       71%         2
 Static Discharge         Conj/Air       6%         2-3/arc   71%         2
 Vhi's Electric Charge    Tloc/Air       6%         N/A       91%         3
 Olgreb's Toxic Radiance  Pois           3%         N/A       100%        4
 Arcjolt                  Conj/Air       1%         1d11      100%        5
 Lightning Bolt           Conj/Air       1%         1d12      100%        5


Dungeon Overview and Level Annotations

Branches:
Dungeon (4/15)              Sewer (visited)
 Temple: D:4-7

Altars:

Shops:
D:2 [


Innate Abilities, Weirdness & Mutations

You have very sharp teeth.
Your uncanny sense of smell can sniff out nearby items.
Your experience applies equally to all skills.


Message History

A gnoll comes into view. It is wielding a +0 whip.
The gnoll sergeant hits you but does no damage.
The gnoll barely misses you.
The gnoll moves out of view.
You slash the gnoll sergeant!
You bite the gnoll sergeant, but do no damage.
The gnoll sergeant is heavily wounded.
The gnoll hits you from afar with a +0 spear.
The gnoll sergeant barely misses you.
You barely miss the gnoll sergeant. You bite the gnoll sergeant.
The gnoll sergeant is heavily wounded.
The gnoll closely misses you.
The gnoll sergeant hits you but does no damage.
You closely miss the gnoll sergeant.
The gnoll sergeant is heavily wounded.
The gnoll barely misses you.
The gnoll sergeant hits you with a +0 spear!
You barely miss the gnoll sergeant.
You bite the gnoll sergeant, but do no damage.
The gnoll sergeant is heavily wounded.
The gnoll hits you from afar with a +0 spear.
You block the gnoll sergeant's attack. x2; You block the gnoll's attack.
You hit the gnoll sergeant.
The gnoll sergeant is heavily wounded.
The gnoll closely misses you. The gnoll sergeant closely misses you.
You hit the gnoll sergeant.
The gnoll sergeant is severely wounded.
The gnoll hits you from afar with a +0 spear.
The gnoll sergeant hits you with a +0 spear!
* * * LOW HITPOINT WARNING * * *
You hit the gnoll sergeant.
The gnoll sergeant is almost dead.
The gnoll hits you from afar with a +0 spear.
* * * LOW HITPOINT WARNING * * *
The gnoll sergeant hits you with a +0 spear.
* * * LOW HITPOINT WARNING * * *
It was a potion of degeneration.
There was something very wrong with that liquid.
You feel weakened.
You feel dopey.
You feel clumsy.
The gnoll sergeant hits you with a +0 spear!
You die...

>....g.....#..# .......##..#..#
####...##..#..# #..........#
......#..##### #.#..###..#...##
#.#.....g......#####
?....###g#.........#
###.###@#.....###.# ####
#.......##...## #.# #...
.....#######.#####.# #.## #...#
####........###.## #...#
#................. ##### #...#
#.##~~~~~##.###.## ....# #...#
#.##≈~~~~##.......
###.#####...####.~≈.....~~.......
..#..............~≈.....~~.).....


You could see a gnoll sergeant and a gnoll.

Vanquished Creatures
  Sigmund (D:2)
  A phantom (D:4)
  2 bullfrogs (Sewer)
  Natasha (thrice) (D:2)
  Robin (D:2)
  2 gnolls (D:4)
  6 adders
  2 worms
  3 dart slugs (D:2)
  An orc (D:3)
  7 bats
  17 endoplasms
  8 giant cockroaches (Sewer)
  12 goblins
  7 hobgoblins
  4 jackals (D:4)
  7 kobolds
  9 quokkas
  15 ball pythons
  19 frilled lizards
  3 rats
130 creatures vanquished.

Vanquished Creatures (others)
  5 plants (D:4)
5 creatures vanquished.

Grand Total: 135 creatures vanquished

Notes
Turn   | Place    | Note
-------+----------+-------------------------------------------
     0 | D:1      | BRD the Gnoll Fighter began the quest for the Orb.
     0 | D:1      | Reached XP level 1. HP: 23/23 MP: 1/1
    31 | D:1      | Found a faded altar of an unknown god.
    33 | D:1      | Noticed a golden eye
    33 | D:1      | Noticed a golden eye
    34 | D:1      | Noticed a floating eye
    34 | D:1      | Noticed a shining eye
   133 | D:1      | Reached XP level 2. HP: 29/29 MP: 2/2
   629 | D:1      | Reached XP level 3. HP: 35/35 MP: 3/3
   788 | D:2      | Reached skill level 1 in Invocations
   860 | D:2      | Noticed Natasha
   943 | D:2      | Reached skill level 1 in Short Blades
   943 | D:2      | Reached skill level 1 in Long Blades
   943 | D:2      | Reached skill level 1 in Maces & Flails
   943 | D:2      | Reached skill level 1 in Polearms
   943 | D:2      | Reached skill level 1 in Staves
   943 | D:2      | Reached skill level 1 in Ranged Weapons
   943 | D:2      | Reached skill level 1 in Throwing
   943 | D:2      | Reached skill level 1 in Dodging
   943 | D:2      | Reached skill level 1 in Stealth
   943 | D:2      | Reached skill level 1 in Unarmed Combat
   943 | D:2      | Reached skill level 1 in Spellcasting
   943 | D:2      | Reached skill level 1 in Evocations
   987 | D:2      | Noticed Sigmund
  1020 | D:2      | Killed Sigmund
  1021 | D:2      | Reached skill level 1 in Conjurations
  1021 | D:2      | Reached skill level 1 in Hexes
  1021 | D:2      | Reached skill level 1 in Summonings
  1021 | D:2      | Reached skill level 1 in Necromancy
  1021 | D:2      | Reached skill level 1 in Translocations
  1021 | D:2      | Reached skill level 1 in Transmutations
  1021 | D:2      | Reached skill level 1 in Fire Magic
  1021 | D:2      | Reached skill level 1 in Ice Magic
  1021 | D:2      | Reached skill level 1 in Air Magic
  1021 | D:2      | Reached skill level 1 in Earth Magic
  1021 | D:2      | Reached skill level 1 in Poison Magic
  1021 | D:2      | Reached XP level 4. HP: 35/41 MP: 4/6
  1021 | D:2      | Reached XP level 5. HP: 40/47 MP: 4/7
  1085 | D:2      | Noticed Robin
  1094 | D:2      | Killed Robin
  1095 | D:2      | Reached XP level 6. HP: 28/53 MP: 8/8
  1097 | D:2      | Found Syustreob's Antique Armour Emporium.
  1204 | D:2      | Killed Natasha
  1219 | D:2      | Reached skill level 5 in Axes
  1228 | D:2      | Noticed Natasha
  1366 | D:2      | Killed Natasha
  1371 | D:2      | Noticed Natasha
  1380 | D:2      | Killed Natasha
  2369 | D:4      | Reached XP level 7. HP: 53/60 MP: 10/10
  2383 | D:4      | Found a glowing drain.
  2394 | Sewer    | Entered a sewer
  2820 | Sewer    | Identified the ring "Docov" {Ice Int+4}
  2960 | D:4      | Slain by a gnoll sergeant

Illustrated notes

Levels and vault maps discovered:
D:1:      minmay_arrival_open_corners, layout_loops_ring,
          hellmonk_ecumenical_altar_watching_god, hangedman_decor_push,
          dk_noncrumbling_4
D:2:      layout_loops_cross, serial_shops, nicolae_diamond_shop, uniq_robin,
          uniq_natasha, uniq_sigmund
D:3:      layout_rooms, kennysheep_generic_room_10
D:4:      layout_loops_cross, cheibrodos_sewer_entry_sluice,
          nicolae_grassy_gnolls

Skill      XL: |  1  2  3  4  5  6  7 |
---------------+----------------------+-----
Invocations    | 2 3 |  3.0
Short Blades   | 1 2 |  2.6
Long Blades    | 1 2 |  2.6
Maces & Flails | 1 2 |  2.6
Polearms       | 1 2 |  2.6
Staves         | 1 2 |  2.6
Ranged Weapons | 1 2 |  2.6
Throwing       | 1 2 |  2.6
Dodging        | 1 2 |  2.6
Stealth        | 1 2 |  2.6
Unarmed Combat | 1 2 |  2.6
Spellcasting   | 1 2 |  2.6
Evocations     | 1 2 |  2.6
Conjurations   | 1 2 |  2.1
Hexes          | 1 2 |  2.1
Summonings     | 1 2 |  2.1
Necromancy     | 1 2 |  2.1
Translocations | 1 2 |  2.1
Transmutations | 1 2 |  2.1
Fire Magic     | 1 2 |  2.1
Ice Magic      | 1 2 |  2.1
Air Magic      | 1 2 |  2.1
Earth Magic    | 1 2 |  2.1
Poison Magic   | 1 2 |  2.1
Axes           | 5 |  5.3
Fighting       | 7 |  7.1
Armour         | 7 |  7.1
Shields        | 7 |  7.1

Action                     |  1- 3 |  4- 6 |  7- 9 || total
---------------------------+-------+-------+-------++-------
  Melee: War axe           |    91 |   119 |   128 ||   338
         Bite              |     5 |    15 |     8 ||    28
    Use: Scroll            |     6 |     1 |       ||     7
         Potion            |     2 |       |     1 ||     3
 Armour: Scale mail        |    47 |    50 |    66 ||   163
         Skin              |     7 |       |       ||     7
  Dodge: Dodged            |    42 |    44 |    71 ||   157
  Block: Buckler           |    23 |    32 |    43 ||    98

Table legend: (Time is in decaauts)
 A = Elapsed time spent in this place.
 B = Non-inter-level travel time spent in this place.
 C = Inter-level travel time spent in this place.
 D = Time resting spent in this place.
 E = Time spent auto-exploring this place.
 F = Levels seen in this place.
 G = Mean time per level.
                   A        B        C        D        E       F      G
               +--------+--------+--------+--------+--------+-----+--------+
         Total |   3098 |   3041 |     57 |    176 |   2043 |   5 |  619.6 |
       Dungeon |   2571 |   2514 |     57 |    126 |   1786 |   4 |  642.8 |
         Sewer |    526 |    526 |      0 |     50 |    256 |   1 |  526.0 |
               +--------+--------+--------+--------+--------+-----+--------+

Top non-repeatable levels by time:
     D:2: 1083 daAuts
     D:1: 790 daAuts
   Sewer: 526 daAuts
     D:3: 473 daAuts
     D:4: 224 daAuts
